Map: Redshift LE

Players

Danechko

  • Race: Protoss Protoss
  • League: Platinum
  • Spawn Location: 11:00

ILIEKEGGPIE - Winner!

  • Race: Protoss Protoss
  • League: Platinum
  • Spawn Location: 7:00

VOD

Have the link to the VOD?

Description

Time

  • Played on: May 22, 2018, 12:32 p.m.
  • Length: 4:04
Show
View Real Time Build Order
Export as new Build Order

Danechko Protoss 

Build Orders:  

Get SALT Encoding   

  1  0:00  Probe  
  12  0:06  Probe  
  14  0:16  Probe  
  15  0:25  Pylon  
  15  0:33  Assimilator  
  15  0:43  Probe  
  16  0:55  Gateway, Probe  
  17  1:03  Probe  
  18  1:11  Probe  
  19  1:20  Assimilator  
  19  1:22  Probe  
  20  1:34  Probe  
  21  1:46  Probe  
  22  1:52  Nexus  
  22  1:58  Cybernetics Core, Probe  
  23  2:07  Assimilator  
  23  2:27  Pylon  
  23  2:31  Pylon  
  23  2:38  Zealot  
  23  2:45  Probe  
  25  2:57  Probe  
  24  3:13  Zealot  
  26  3:27  Assimilator  
  26  3:31  Forge  
Show
View Real Time Build Order
Export as new Build Order

ILIEKEGGPIE Protoss - Winner!

Build Orders:  

Get SALT Encoding   

  12  0:01  Probe  
  13  0:13  Probe  
  14  0:21  Pylon  
  14  0:22  Probe  
  15  0:38  Pylon  
  15  0:52  Pylon  
  15  0:59  Pylon  
  15  1:04  Pylon  
  15  1:07  Pylon  
  15  1:08  Probe  
  16  1:16  Gateway  
  16  1:20  Probe  
  16  1:21  Assimilator  
  17  1:29  Gateway  
  17  1:30  Gateway  
  17  1:35  Probe  
  19  1:47  Probe  
  19  1:49  Gateway  
  19  1:56  Gateway  
  19  2:02  Pylon  
  19  2:07  Probe  
  20  2:08  Zealot  
  20  2:09  Zealot  
  24  2:27  Cybernetics Core  
  24  2:35  Zealot x2  
  32  3:05  Zealot  
  34  3:09  Pylon  
  34  3:10  Stalker  
  32  3:22  Pylon  
  32  3:23  Stalker  
Tags
 
Matchup
PvP
Replay Pack
Multi
Spawn Locations
Close Positions
Add a new tag
Caveats
  • Supply blocks, unpowered buildings, or Contaminate may cause inaccurate times.
  • Supply counts are checked every 10 seconds.